 Dungeon Crawl Stone Soup version 0.17-a0-1798-g879a7aa (webtiles) character file.

894 4thArraOfDagon the Ruffian (level 7, -3/71 HPs)
             Began as a Troll Chaos Knight on Sept 10, 2015.
             Was a Follower of Cheibriados (penitent).
             Slain by an orc warrior
             ... wielding a +0 mace
              (5 damage)
             ... on level 8 of the Dungeon.
             The game lasted 00:04:27 (808 turns).

4thArraOfDagon the Ruffian (Troll Chaos Knight)      Turns: 808, Time: 00:04:27

Health: -3/71      AC:  8    Str: 21    XL:     7   Next: 78%
Magic:  6/6        EV: 10    Int: 10    God:    Cheibriados [*]
Gold:   54         SH:  0    Dex:  9    Spells: 0 memorised, 6 levels left

rFire  . . .     SeeInvis .       - Unarmed
rCold  . . .     Clarity  .     a - +2 robe
rNeg   . . .     SustAt   .     (no shield)
rPois  .         Gourm    +     (helmet restricted)
rElec  .         Spirit   .     f - +0 cloak
rCorr  .         Warding  .     (gloves unavailable)
rMut   .         Stasis   .     (boots unavailable)
MR     .....                    (no amulet)
Stlth  ++........               (no ring)
                                j - ring of stealth

@: very slightly contaminated, hasted, quick, not resistant to hostile
enchantments, unstealthy
A: unfitting armour, claws 3, fast metabolism 3, gourmand, regeneration 2,
shaggy fur 1, tough skin 2
a: Renounce Religion


You were on level 8 of the Dungeon.
You worshipped Cheibriados.
Cheibriados was demanding penance.
You were very full.

You visited 2 branches of the dungeon, and saw 9 of its levels.
You also visited: Ossuary.

You collected 54 gold pieces.

Inventory:

Armour
 a - a +2 robe (worn)
 f - a +0 cloak (worn)
Jewellery
 j - a ring of stealth (left claw)
Magical devices
 i - a wand of fire (15)
Scrolls
 e - 2 scrolls of fear {unknown}
 m - a scroll of immolation {unknown}
Potions
 c - a potion of might {unknown}
 h - a potion of cancellation {unknown}
 k - 2 potions of haste
 l - a potion of magic {unknown}
Comestibles
 b - 3 bread rations
 d - 2 meat rations


   Skills:
 + Level 4.4 Fighting
 + Level 4.0 Dodging
 * Level 6.9 Unarmed Combat
 + Level 1.0 Invocations


You had 6 spell levels left.
You didn't know any spells.

Dungeon Overview and Level Annotations

Branches:
Dungeon (8/15)             Temple (1/1) D:7
   Lair: D:8-11

Altars:
Cheibriados
Dithmenos
Gozag
Nemelex Xobeh
Okawaru
Ru
Trog
Xom
Yredelemnul
The Shining One

Shops:
D:5 (

Annotations:
D:4 Eustachio
D:7 Joseph


Innate Abilities, Weirdness & Mutations

You are too large for most types of armour.
You have claws for hands.
Your metabolism is lightning-fast.
You like to eat raw meat.
You heal very quickly.
You are covered in fur (AC +1).
You have very tough skin (AC +2).


Message History

Unknown command.
You scratch the orc warrior but do no damage.
The orc warrior is almost dead.
The orc misses you. The orc hits you but does no damage.
The orc warrior hits you with a mace!
* * * LOW HITPOINT WARNING * * *
Unknown command.
Unknown command.
You closely miss the orc warrior.
The orc warrior is almost dead.
The orc hits you with a falchion.
* * * LOW HITPOINT WARNING * * *
Unknown command.
Unknown command.
Unknown command.
The orc wizard shouts!
You scratch the orc warrior but do no damage.
The orc warrior is almost dead.
The orc closely misses you. The orc warrior hits you with a mace.
You die...

o. .o
o# oo
#o #u
#o##
#o@#
##oo#
##n#
..
...
....
....#
#####


You could see a white ugly thing, 2 orc warriors, a necrophage, 2 orc wizards
and 6 orcs.

Vanquished Creatures
  Pikel (D:6)
  2 slaves (D:6)
  2 water moccasin zombies (Ossuary)
  A centaur skeleton (D:5)
  A giant frog skeleton (D:7)
  A hound (Temple)
  A jelly (D:6)
  2 worker ants (D:6)
  3 big kobold zombies (Ossuary)
  2 mummies (Ossuary)
  4 gnolls (D:2)
  6 adder zombies (Ossuary)
  4 orcs
  A bat (D:2)
  A hobgoblin (D:2)
  A giant newt (D:7)
  6 gnoll zombies (Ossuary)
  A goblin (D:2)
  4 hobgoblin zombies (Ossuary)
  3 jackals (D:6)
  3 kobolds
  3 kobold zombies (Ossuary)
  9 orc zombies (Ossuary)
  A quokka skeleton (D:7)
  A rat (D:2)
64 creatures vanquished.

Notes
Turn   | Place    | Note
--------------------------------------------------------------
     0 | D:1      | 4thArraOfDagon the Troll Chaos Knight began the quest for the Orb.
     0 | D:1      | Reached XP level 1. HP: 22/22 MP: 0/0
     0 | D:1      | Found a shimmering altar of Xom.
    91 | D:2      | Reached XP level 2. HP: 29/29 MP: 1/1
   121 | D:2      | Reached XP level 3. HP: 23/36 MP: 2/2
   205 | D:4      | Noticed Eustachio
   210 | D:5      | Entered Level 5 of the Dungeon
   216 | D:5      | Reached skill level 4 in Unarmed Combat
   216 | D:5      | Reached XP level 4. HP: 44/44 MP: 3/3
   230 | D:5      | Found Worrerph's Antique Weapon Boutique.
   302 | D:6      | XOM: harmless Tloc miscast
   335 | D:6      | Found a glowing golden altar of the Shining One.
   335 | D:6      | Found a bloodstained altar of Trog.
   369 | D:7      | Noticed Pikel
   369 | D:7      | Noticed a slave
   369 | D:7      | Noticed a slave
   369 | D:7      | Noticed a slave
   369 | D:7      | Noticed a slave
   372 | D:7      | Reached XP level 5. HP: 53/53 MP: 4/4
   376 | D:6      | XOM: confuse monster(s)
   382 | D:6      | XOM: noise
   392 | D:6      | Killed a slave
   404 | D:6      | Killed a slave
   429 | D:6      | XOM: cast spell 'Confusing Touch'
   430 | D:6      | XOM: potion effect (berserk rage)
   438 | D:6      | Killed Pikel
   438 | D:6      | Reached skill level 6 in Unarmed Combat
   438 | D:6      | Reached XP level 6. HP: 62/62 MP: 5/5
   438 | D:6      | Reached XP level 7. HP: 70/70 MP: 6/6
   457 | D:7      | Found a sand-covered staircase.
   463 | D:7      | XOM: potion effect (curing)
   464 | D:7      | Found a staircase to the Ecumenical Temple.
   470 | Temple   | Entered the Ecumenical Temple
   496 | Temple   | Fell from the grace of Xom
   496 | Temple   | Became a worshipper of Cheibriados the Contemplative
   533 | Ossuary  | Entered an ossuary
   618 | Ossuary  | Acquired Cheibriados's first power
   757 | D:6      | Reached skill level 1 in Invocations
   786 | D:7      | Noticed Joseph
   799 | D:8      | Noticed a white ugly thing
   803 | D:8      | Was placed under penance by Cheibriados
   807 | D:8      | HP: 2/71 [orc/falchion (2)]
   808 | D:8      | Slain by an orc warrior

Vault maps used:
D:1:      dpeg_arrival_tiny_a, xom_teletrap_fun
D:2:      grunt_qazlal_clouds
D:3:      first_bread
D:4:      gammafunk_temple_overflow_statue, kennysheep_generic_room_15,
          uniq_menkaure, uniq_crazy_yiuf_cottage, uniq_eustachio
D:5:      zin_statuary, serial_shops,
          nicolae_shop_temple_entry_statues_fountains, shop_statue
D:6:      gammafunk_temple_overflow_elements, nicolae_gozag_seed_capital
D:7:      minmay_temple_entry_hall, enter_ossuary_2, yredelemnul_altar_generic,
          uniq_pikel, uniq_joseph
D:8:      uniq_erolcha, uniq_grum, uniq_maurice, uniq_prince_ribbit1
Temple:   nicolae_temple_god_jail
Ossuary:  ossuary_tomb_2

Action                   |  1- 3 |  4- 6 |  7- 9 || total
-------------------------+-------+-------+-------++-------
Melee: Unarmed           |    35 |    50 |   138 ||   223
  Use: Potion            |     1 |     1 |     3 ||     5
       Scroll            |       |     4 |       ||     4
 Stab: Sleeping          |     1 |       |       ||     1
       Confused          |       |     1 |       ||     1
  Eat: Chunk             |     6 |     2 |     4 ||    12
